 Dungeon Crawl Stone Soup version 0.20-a0-309-gcba9277 (webtiles) character file.

50137 pkoi the Covert (level 14, -12/93 HPs)
             Began as a Demonspawn Ice Elementalist on Dec 18, 2016.
             Was the Champion of Dithmenos.
             Mangled by Snorg (19 damage)
             ... on level 11 of the Dungeon on Dec 19, 2016.
             The game lasted 01:44:21 (28831 turns).

pkoi the Covert (Demonspawn Ice Elementalist)      Turns: 28831, Time: 01:44:23

Health: -12/93     AC: 19    Str:  9    XL:     14   Next: 18%
Magic:  22/39      EV: 14    Int: 20    God:    Dithmenos [******]
Gold:   1096       SH:  0    Dex: 15    Spells: 5/23 levels left

rFire  + . .     SeeInvis .     J - staff of energy
rCold  + + +     Gourm    .     M - +1 robe of the Princess {rF+ rC++ rN+}
rNeg   + . .     Faith    .     (no shield)
rPois  .         Spirit   .     d - +1 helmet
rElec  .         Reflect  .     (no cloak)
rCorr  .         Harm     .     y - +0 pair of gloves
MR     +....                    (no boots)
Stlth  ++++++++..               (no amulet)
                                r - ring of magical power
                                l - ring of magical power

@: wreathed by umbra
A: hooves 1, slimy green scales 2, cold resistance 1, foul stench 2, icemail,
rot immunity, freezing cloud immunity
a: Shadow Step, Shadow Form, Renounce Religion


You were on level 11 of the Dungeon.
You worshipped Dithmenos.
Dithmenos was exalted by your worship.
You were not hungry.

You visited 3 branches of the dungeon, and saw 18 of its levels.

You collected 1096 gold pieces.

Inventory:

Hand Weapons
 a - a +0 scimitar
 b - a +4 dagger
Armour
 d - a +1 helmet (worn)
 y - a +0 pair of gloves (worn)
 M - the +1 robe of the Princess (worn) {rF+ rC++ rN+}
   (You found it on level 3 of the Lair of Beasts)

   It protects you from fire.
   It greatly protects you from cold.
   It protects you from negative energy.
Magical Staves
 J - an uncursed staff of energy (weapon)
Jewellery
 l - a ring of magical power (left hand)
 r - a ring of magical power (right hand)
 I - an uncursed ring of poison resistance
 N - an uncursed ring of resist corrosion
Wands
 t - a wand of acid (5/15)
 u - a wand of iceblast (15/15)
 P - a wand of digging (14/24)
Scrolls
 e - 2 scrolls of magic mapping
 g - 4 scrolls of identify
 h - 3 scrolls of fog
 k - 2 scrolls of enchant armour
 q - 5 scrolls of remove curse
 s - 2 scrolls of teleportation
 w - a scroll of enchant weapon
 H - 2 scrolls of recharging
Potions
 j - 3 potions of brilliance
 n - a potion of agility
 x - 2 potions of berserk rage
 z - 3 potions of curing
 B - a potion of flight
 C - a potion of ambrosia
 D - 3 potions of lignification
 E - 4 potions of might
 O - a potion of magic
 Q - 2 potions of cure mutation {!q !d}
Comestibles
 c - 18 bread rations
 f - 9 chunks of flesh
 i - a slice of pizza
 m - 10 beef jerkies
 p - 6 royal jellies
 A - 3 meat rations
 F - 2 fruits


   Skills:
 - Level 3.3 Fighting
 - Level 1.9(7.5) Short Blades
 - Level 11.3(11.4) Long Blades
 - Level 3.9 Dodging
 - Level 11.9 Stealth
 + Level 5.2 Spellcasting
 + Level 7.7 Conjurations
 - Level 7.1 Hexes
 - Level 6.5 Charms
 - Level 4.6 Necromancy
 + Level 9.8 Ice Magic


You had 5 spell levels left.
You knew the following spells:

 Your Spells              Type           Power        Failure   Level  Hunger
a - Freeze                Ice            ####         1%          1    None
b - Throw Frost           Conj/Ice       #####.       1%          2    None
c - Ensorcelled Hibernat  Hex/Ice        #####.       1%          2    None
d - Throw Icicle          Conj/Ice       #####...     3%          4    None
e - Ozocubu's Armour      Chrm/Ice       #####...     1%          3    None
f - Spectral Weapon       Hex/Chrm       ####....     1%          3    None
g - Regeneration          Chrm/Necr      ####......   4%          3    None


Dungeon Overview and Level Annotations

Branches:
Dungeon (11/15)            Temple (1/1) D:7            Lair (6/6) D:11
 Shoals (0/4) Lair:2       Spider (0/4) Lair:4        Slime (0/5) Lair:6
    Orc (0/2) D:9

Altars:
Ashenzari
Cheibriados
Dithmenos
Elyvilon
Fedhas
Gozag
Hepliaklqana
Kikubaaqudgha
Makhleb
Nemelex Xobeh
Okawaru
Qazlal
Ru
Sif Muna
Trog
Uskayaw
Vehumet
Xom
Yredelemnul
Zin
The Shining One

Shops:
D:11 :%==

Portals:
Trove: D:10 (give +2 shadow dragon scales)

Annotations:
D:11 Snorg
Lair:2 exclusion: 4 oklob plants


Innate Abilities, Weirdness & Mutations

You have large cloven feet.
You are mostly covered in slimy green scales. (AC +3)
Your flesh is cold resistant. (rC+)
You frequently emit foul miasma when damaged in melee.
A meltable icy envelope protects you from harm. (AC +10)
You are immune to rotting.
You are immune to freezing clouds.


Message History

Snorg looks even sicker.
Snorg closely misses you. Snorg claws you but does no damage.
Snorg barely misses you.
Snorg is engulfed in dark miasma.
Snorg looks even sicker.
Snorg seems to slow down.
Snorg bites you!
* * * LOW HITPOINT WARNING * * *
Snorg claws you!
* * * LOW HITPOINT WARNING * * *
Snorg barely misses you.
Casting: Throw Icicle
Confirm with . or Enter, or press ? or * to list all spells.
Aiming: Throw Icicle
Press: ? - help, Shift-Dir - straight line, f/p - orc wizard
Aim: an orc wizard, wielding a dagger of electrocution and wearing a robe (umbra)
The shard of ice hits Snorg.
Snorg is severely wounded.
Snorg is engulfed in dark miasma.
Snorg looks as sick as possible!
Snorg seems to slow down.
Snorg bites you!
* * * LOW HITPOINT WARNING * * *
Snorg claws you but does no damage. Snorg claws you!!
You die...

.#########.............+###
.## ##..............# .>#
#...............# ###
#.##8###8###8##### #
###.#### ### ###.... ####
#...# ....... ...####†#####
.......
##.#........#######.......
#.#........'.)[@To.......
#.'........#######.......
###..<.....# ......$
#..####### ....... #..#
....... #### .###### .# .#


You could see Snorg (berserk) and an orc wizard.

Vanquished Creatures
  A hydra (Lair:1)
  3 two-headed ogres
  A queen ant (Lair:2)
  The ghost of crawdingle the Markscentaur, a novice CeHu of Okawaru (D:9)
  5 skeletal warriors
  2 lindwurms (Lair:5)
  The ghost of HoCheiMinh the Cleaver, a novice HOFi of Cheibriados (D:7)
  An orb spider (Lair:4)
  A manticore (Lair:5)
  10 elephants
  11 spiny frogs
  A torpor snail (Lair:5)
  4 black mambas
  6 rime drakes
  7 komodo dragons
  3 meliai (Lair:5)
  A queen bee (Lair:5)
  Prince Ribbit (D:9)
  A blink frog (Lair:2)
  5 hornets
  6 hippogriffs
  4 polar bears (Lair:2)
  A snapping turtle (Lair:2)
  12 dream sheep
  A slime creature (Lair:5)
  34 yaks
  12 spriggans (Lair:3)
  3 wyverns
  3 basilisks
  A hungry ghost (D:9)
  8 soldier ants (Lair:2)
  11 porcupines
  15 water moccasins
  5 sky beasts
  2 ice beasts
  6 black bears
  6 orc warriors
  7 ogres
  11 wolves
  4 phantoms
  A necrophage (D:11)
  3 boggarts (Lair:3)
  8 centaurs
  The ghost of mobby the Magician, an amateur DsWz (D:3)
  10 crocodiles
  2 big kobolds
  A gnoll sergeant (D:11)
  11 bullfrogs
  5 scorpions
  A water moccasin skeleton (D:8)
  45 killer bees
  5 howler monkeys
  6 electric eels
  4 crimson imps
  8 orc priests
  9 hounds
  6 jellies
  A centaur skeleton (D:5)
  14 orc wizards
  2 bullfrog skeletons
  6 iguanas
  34 worker ants
  A hound skeleton (D:4)
  Robin (D:3)
  A howler monkey zombie (D:6)
  A worker ant zombie (D:8)
  2 howler monkey skeletons
  8 gnolls
  13 adders
  2 river rats (Lair:5)
  4 shadow imps
  An adder zombie (D:8)
  3 oozes
  An adder skeleton (D:4)
  5 worms
  10 dart slugs
  4 leopard geckos
  47 orcs
  6 giant cockroaches
  12 goblins
  6 hobgoblins
  16 jackals
  38 kobolds
  7 quokkas
  2 ball pythons
  8 bats
  6 frilled lizards
  A jackal skeleton (D:6)
  3 leopard gecko skeletons (D:5)
  2 rats (D:1)
612 creatures vanquished.

Vanquished Creatures (others)
  8 fungi
  13 plants
21 creatures vanquished.

Grand Total: 633 creatures vanquished

Notes
Turn   | Place    | Note
-------+----------+-------------------------------------------
     0 | D:1      | pkoi the Demonspawn Ice Elementalist began the quest for the Orb.
     0 | D:1      | Reached XP level 1. HP: 13/13 MP: 3/3
   431 | D:1      | Gained mutation: Your flesh is cold resistant. (rC+) [demonic ancestry]
   431 | D:1      | Reached XP level 2. HP: 16/19 MP: 3/5
  1822 | D:2      | Gained mutation: You are immune to freezing clouds. [demonic ancestry]
  1822 | D:2      | Reached XP level 3. HP: 12/24 MP: 1/6
  2298 | D:2      | Learned a level 2 spell: Throw Frost
  2645 | D:2      | Gained mutation: You are partially covered in slimy green scales. (AC +2) [demonic ancestry]
  2645 | D:2      | Reached XP level 4. HP: 22/30 MP: 7/7
  3239 | D:3      | Gained mutation: You are immune to rotting. [demonic ancestry]
  3239 | D:3      | Reached XP level 5. HP: 31/35 MP: 8/8
  3577 | D:3      | Noticed Robin
  3722 | D:3      | Killed Robin
  3878 | D:3      | Noticed mobby's ghost (amateur DsWz)
  4072 | D:4      | Gained mutation: A meltable icy envelope protects you from harm. (AC +10) [demonic ancestry]
  4072 | D:4      | Reached XP level 6. HP: 40/41 MP: 10/10
  4077 | D:4      | Reached skill level 5 in Ice Magic
  4865 | D:4      | Reached XP level 7. HP: 46/46 MP: 13/13
  4973 | D:5      | Entered Level 5 of the Dungeon
  5943 | D:5      | Gained mutation: You may emit foul miasma when damaged in melee. [demonic ancestry]
  5943 | D:5      | Reached XP level 8. HP: 25/53 MP: 15/15
  6203 | D:5      | Upgraded the game from 0.20-a0-303-g575bbf7 to 0.20-a0-309-gcba9277
  6417 | D:6      | Reached skill level 1 in Fighting
  6417 | D:6      | Reached skill level 1 in Long Blades
  6417 | D:6      | Reached skill level 5 in Conjurations
  7835 | D:6      | Gained mutation: You frequently emit foul miasma when damaged in melee. [demonic ancestry]
  7835 | D:6      | Reached XP level 9. HP: 61/62 MP: 16/16
  7981 | D:7      | Learned a level 2 spell: Ensorcelled Hibernation
  7986 | D:7      | Learned a level 4 spell: Throw Icicle
  8055 | D:7      | Found a staircase to the Ecumenical Temple.
  8079 | D:7      | Noticed HoCheiMinh's ghost (novice HOFi)
  8096 | Temple   | Entered the Ecumenical Temple
  8497 | Temple   | Became a worshipper of Dithmenos the Shadowed
  8794 | D:3      | Killed mobby's ghost
  9384 | D:6      | Reached skill level 1 in Hexes
 10249 | D:8      | Noticed a two-headed ogre
 10690 | D:8      | Noticed a two-headed ogre
 11039 | D:8      | Reached * piety under Dithmenos
 11069 | D:9      | Noticed Prince Ribbit
 11082 | D:9      | Killed Prince Ribbit
 11201 | D:9      | Reached XP level 10. HP: 44/70 MP: 17/17
 11514 | D:9      | Noticed crawdingle's ghost (novice CeHu)
 11541 | D:9      | Killed crawdingle's ghost
 11796 | D:9      | Found a staircase to the Orcish Mines.
 12322 | D:10     | Entered Level 10 of the Dungeon
 12578 | D:10     | Reached skill level 5 in Long Blades
 12830 | D:8      | Killed a two-headed ogre
 12939 | D:6      | Learned a level 3 spell: Ozocubu's Armour
 13036 | D:8      | Reached ** piety under Dithmenos
 13054 | D:8      | Reached skill level 5 in Stealth
 13516 | D:8      | Killed a two-headed ogre
 14323 | D:10     | Gained mutation: You are mostly covered in slimy green scales. (AC +3) [demonic ancestry]
 14323 | D:10     | Reached XP level 11. HP: 63/75 MP: 18/18
 14675 | D:10     | Noticed a two-headed ogre
 14868 | D:10     | Noticed a skeletal warrior
 14892 | D:10     | Noticed a skeletal warrior
 14896 | D:10     | Noticed a skeletal warrior
 14913 | D:10     | Noticed a skeletal warrior
 14915 | D:10     | Noticed a skeletal warrior
 15580 | D:11     | Found Wifeuxi's Jewellery Shop.
 15621 | D:11     | Found Pilunuy's Jewellery Shoppe.
 15692 | D:11     | Found Deatwesomm's Book Emporium.
 15724 | D:11     | Reached *** piety under Dithmenos
 16045 | D:11     | Found a staircase to the Lair.
 16092 | D:11     | Found Wiziti's Food Shoppe.
 16204 | Lair:1   | Entered Level 1 of the Lair of Beasts
 16762 | Lair:1   | Noticed a seven-headed hydra
 17648 | Lair:3   | Got a faintly glowing war axe
 17649 | Lair:3   | Identified the +1 war axe "Cush" {chop, rPois Int+7 Dex-3 Stlth+} (You found it on level 3 of the Lair of Beasts)
 18477 | Lair:3   | Noticed a spriggan rider
 18532 | Lair:3   | Learned a level 3 spell: Spectral Weapon
 18716 | Lair:3   | Noticed a spriggan rider
 18719 | Lair:3   | Killed a spriggan rider
 18719 | Lair:3   | Gained mutation: You have large cloven feet. [demonic ancestry]
 18719 | Lair:3   | Reached XP level 12. HP: 81/81 MP: 19/19
 19511 | Lair:1   | Killed a seven-headed hydra
 19616 | Lair:2   | Reached skill level 1 in Charms
 20109 | Lair:2   | Found a staircase to the Shoals.
 20427 | Lair:2   | Noticed a queen ant
 20964 | Lair:2   | Reached skill level 5 in Hexes
 21002 | Lair:2   | Reached **** piety under Dithmenos
 21073 | Lair:2   | Killed a queen ant
 21073 | Lair:2   | Reached skill level 10 in Stealth
 21476 | Lair:2   | Reached skill level 10 in Long Blades
 22168 | Lair:3   | Got a fabulously ornate robe
 22179 | Lair:3   | Identified the +1 robe of the Princess {rF+ rC++ rN+} (You found it on level 3 of the Lair of Beasts)
 22403 | Lair:4   | Reached XP level 13. HP: 82/86 MP: 19/20
 23430 | Lair:4   | Found a hole to the Spider Nest.
 23444 | Lair:4   | Reached ***** piety under Dithmenos
 23656 | Lair:4   | You fall through a shaft for 2 floors!
 23656 | Lair:6   | Entered Level 6 of the Lair of Beasts
 23767 | Lair:6   | Learned a level 3 spell: Regeneration
 23805 | Lair:6   | Reached skill level 5 in Charms
 23879 | Lair:6   | Identified a scroll of acquirement
 24220 | Lair:5   | Reached skill level 1 in Necromancy
 25696 | Lair:6   | Reached skill level 1 in Short Blades
 25772 | Lair:5   | HP: 1/86 [komodo dragon (17)]
 26568 | Lair:6   | Found a staircase to the Slime Pits.
 26965 | Lair:6   | Reached XP level 14. HP: 85/93 MP: 21/21
 27519 | D:7      | Killed HoCheiMinh's ghost
 28540 | D:9      | Reached skill level 5 in Spellcasting
 28729 | D:10     | Found a portal to a secret trove of treasure.
 28736 | D:10     | Reached ****** piety under Dithmenos
 28808 | D:11     | Noticed Snorg
 28831 | D:11     | Mangled by Snorg

Vault maps used:
D:1:      onia_arrival_mini_maze_b, minmay_pentomino_p4
D:3:      uniq_robin
D:4:      first_bread
D:5:      kennysheep_kobold_camp, kennysheep_generic_room_11
D:7:      kennysheep_slugbush
D:8:      grunt_ogre_cave
D:9:      statuecave_lemuel, orc_0_dummy, uniq_prince_ribbit1
D:10:     nicolae_trove_entry_columns
D:11:     lair_entry_dummy, serial_shops, shop, nicolae_shop_waterfront, shop,
          nicolae_shop_stone, kennysheep_little_box, serial_corexii_hall,
          corexii_hall_statues_i, corexii_hall_statues_u,
          corexii_hall_statues_l, corexii_hall_statues_x,
          corexii_hall_statues_i, corexii_hall_statues_deadend, uniq_snorg
Temple:   compressed_dpeg_triangle_lava_temple
Lair:2:   beast_lair_carwin_large_1, minmay_shoals_entry_hut, st_stairs_11,
          zaba_antful_of_joy, lemuel_fruit_fields, minmay_lair_oklob_chamber
Lair:3:   kb_forest_paths, serial_bayou_pond_a
Lair:4:   nicolae_spider_entry_orb_guardian, grunt_megastairs_2
Lair:5:   regret_index_wax_grids, st_stairs_5
Lair:6:   due_jungle_book, minmay_slime_entry_pillars

Skill      XL: |  1  2  3  4  5  6  7  8  9 10 11 12 13 14 |
---------------+-------------------------------------------+-----
Ice Magic      | 3 4 5 6 7 9 |  9.8
Conjurations   | 2 3 4 5 7 |  7.7
Spellcasting   | 3 4 5 |  5.2
Dodging        | 3 |  3.9
Fighting       | 2 3 |  3.3
Long Blades    | 2 4 6 9 10 11 | 11.3
Hexes          | 3 6 7 |  7.1
Stealth        | 2 5 9 10 11 | 11.9
Charms         | 4 6 |  6.5
Necromancy     | 4 |  4.6
Short Blades   | 1 |  1.9

Action                   |  1- 3 |  4- 6 |  7- 9 | 10-12 | 13-15 || total
-------------------------+-------+-------+-------+-------+-------++-------
Melee: Club              |    22 |       |       |       |       ||    22
       Unarmed           |     2 |       |       |       |       ||     2
       Mace              |     1 |    66 |    59 |       |       ||   126
       Long sword        |       |       |   169 |   270 |    15 ||   454
       Dagger            |       |       |     1 |   166 |   144 ||   311
       Kick              |       |       |       |    18 |    23 ||    41
       Scimitar          |       |       |       |       |    36 ||    36
 Cast: Freeze            |    57 |    90 |   231 |   144 |     1 ||   523
       Throw Frost       |       |    24 |    29 |    26 |       ||    79
       Throw Icicle      |       |       |     8 |    22 |    63 ||    93
       Ensorcelled Hiber |       |       |     3 |   214 |   173 ||   390
       Ozocubu's Armour  |       |       |       |    11 |       ||    11
       Spectral Weapon   |       |       |       |     8 |     1 ||     9
Invok: Shadow Step       |       |       |       |     2 |       ||     2
Evoke: Wand              |     6 |       |     4 |       |       ||    10
  Use: Scroll            |       |     9 |     3 |    11 |     7 ||    30
       Potion            |       |     4 |       |     6 |       ||    10
 Stab: Sleeping          |     1 |     1 |     7 |   130 |   121 ||   260
       Distracted        |       |       |       |     1 |     4 ||     5
  Eat: Chunk             |     5 |     7 |    23 |    39 |    18 ||    92
       Beef jerky        |     1 |       |       |       |       ||     1
       Fruit             |       |       |       |     4 |     4 ||     8
Armor: Robe              |    10 |    51 |   215 |   280 |   134 ||   690
Dodge: Dodged            |    44 |   100 |   362 |   558 |   249 ||  1313
       Rpst.: Long sword |       |       |    90 |    86 |     1 ||   177
       Scimitar          |       |       |       |       |     6 ||     6
